 Dungeon Crawl Stone Soup version 0.28.0 (webtiles) character file.

Game seed: 4685154310347844057

11984 AmazingTV the Placeless Spriggan (level 11, -5/56 HPs)
             Began as a Spriggan Brigand on Mar 23, 2024.
             Was a High Priest of Okawaru.
             Killed from afar by an electric eel (11 damage)
             ... with a bolt of electricity
             ... on level 11 of the Dungeon.
             The game lasted 01:12:11 (16380 turns).

AmazingTV the Placeless Spriggan (SpBr)            Turns: 16380, Time: 01:12:11

Health: -5/56      AC: 14    Str:  9    XL:     11   Next: 56%
Magic:  0/24       EV: 24    Int: 13    God:    Okawaru [*****.]
Gold:   245        SH:  0    Dex: 19    Spells: 27/27 levels left

rFire   . . .      SeeInvis +   b - +0 rapier (drain) {short}
rCold   . . .      Faith    .   (no shield)
rNeg    + . .      Spirit   +   J - +2 steam dragon scales
rPois   .          Reflect  .   (helmet restricted)
rElec   .          Harm     .   c - +2 cloak
rCorr   .          Rampage  .   (gloves unavailable)
Will    +....                   (boots unavailable)
Stlth   +++++.....              P - amulet of guardian spirit
HPRegen 0.18/turn               k - ring of positive energy
MPRegen 0.19/turn               z - +4 ring of protection

@: about to teleport, studying Throwing, very quick
A: very small, no large weapons, unfitting armour, see invisible, speed 3
a: Renounce Religion, Heroism, Finesse, Duel


You were on level 11 of the Dungeon.
You worshipped Okawaru.
Okawaru was extremely pleased with you.
You visited 2 branches of the dungeon, and saw 12 of its levels.

You collected 529 gold pieces.
You spent 284 gold pieces at shops.


Innate Abilities, Weirdness & Mutations

You are very small and have problems with some larger weapons.
You are too small for most types of armour.
You have supernaturally acute eyesight. (SInv)
You cover ground extremely quickly. (Speed+++)


   Skills:
 + Level 6.2 Fighting
 + Level 8.2 Short Blades
 + Level 5.6(8.1) Slings
 + Level 7.5(8.2) Throwing
 + Level 9.4 Dodging
 - Level 10.0 Stealth
 + Level 8.5 Spellcasting
 + Level 10.1 Translocations


You had 27 spell levels left.
You didn't know any spells.
Your spell library contained the following spells:

 Spells                   Type           Power      Damage    Failure   Level
 Foxfire                  Conj/Fire      20%        2x1d5     13%         1
 Pain                     Necr           20%        1d5       13%         1
 Sublimation of Blood     Necr           5%         N/A       21%         2
 Wereblood                Tmut           5%         N/A       21%         2
 Vampiric Draining        Necr           5%         2d6       36%         3
 Leda's Liquefaction      Hex/Erth       2%         N/A       78%         4
 Borgnjor's Vile Clutch   Necr/Erth      2%         N/A       98%         5
 Fireball                 Conj/Fire      2%         3d4       98%         5
 Iskenderun's Battlesphe  Conj           5%         2d6       98%         5
 Lee's Rapid Deconstruct  Erth           2%         3d6*      98%         5
 Conjure Ball Lightning   Conj/Air       2%         3x3d6     100%        6
 Statue Form              Tmut/Erth      3%         N/A       100%        6
 Orb of Destruction       Conj           2%         9d5       100%        7
 Animate Skeleton         Necr           Unusable   N/A       N/A         1
 Summon Forest            Summ/Tloc      Unusable   N/A       N/A         5
 Animate Dead             Necr           Unusable   N/A       N/A         4
 Death Channel            Necr           Unusable   N/A       N/A         6
 Haunt                    Necr/Summ      Unusable   N/A       N/A         7
 Malign Gateway           Summ/Tloc      Unusable   N/A       N/A         7
 Summon Hydra             Summ           Unusable   N/A       N/A         7

Inventory:

Hand Weapons
 a - a +2 dagger of venom {short}
   (You took it off an orc on level 5 of the Dungeon)
 b - a +0 rapier of draining (weapon) {short}
   (You bought it in a shop on level 10 of the Dungeon)
 v - a +0 dagger of speed {short}
   (You took it off a kobold demonologist on level 11 of the Dungeon)
 x - a +1 antimagic dagger {short}
   (You took it off an orc on level 3 of the Dungeon)
 C - a +1 dagger of draining {short}
   (You took it off a goblin on level 4 of the Dungeon)
 E - a +2 dagger {short}
Missiles
 e - 6 curare-tipped darts {=f}
 f - 382 stones
 n - 73 sling bullets
 q - 42 arrows
 G - 7 poisoned darts
 R - 5 atropa-tipped darts
Armour
 c - a +2 cloak (worn)
 w - a +0 troll leather armour
   (You found it on level 11 of the Dungeon)
 J - +2 steam dragon scales (worn)
   (You found it on level 7 of the Dungeon)
Magical Staves
 Q - a staff of death {!astaff}
   (You found it on level 8 of the Dungeon)
Jewellery
 g - a ring of fire
   (You found it on level 11 of the Dungeon)
 k - a ring of positive energy (left hand)
   (You found it on level 2 of the Dungeon)
 z - a +4 ring of protection (right hand)
   (You found it on level 3 of the Dungeon)
 P - an amulet of guardian spirit (around neck)
   (You found it on level 10 of the Dungeon)
Wands
 h - a wand of flame (9)
   (You found it on level 5 of the Dungeon)
 s - a wand of charming (4)
   (You took it off a kobold demonologist on level 11 of the Dungeon)
 H - a wand of polymorph (4)
   (You found it on level 5 of the Dungeon)
 L - a wand of iceblast (14)
   (You found it on level 7 of the Dungeon)
 M - a wand of acid (7) (quivered)
   (You found it on level 7 of the Dungeon)
Scrolls
 j - 3 scrolls of fog
 l - a scroll of magic mapping {!r}
 r - a scroll of acquirement {unknown}
 u - 3 scrolls of identify {@r1}
 B - 5 scrolls of teleportation {@r4}
 N - a scroll of fear
 S - a scroll of brand weapon {unknown}
 T - a scroll of summoning {unknown}
Potions
 d - a potion of invisibility {unknown}
 i - 2 potions of degeneration {unknown}
 m - 3 potions of mutation {!q}
 o - a potion of ambrosia {unknown}
 p - a potion of cancellation {unknown}
 t - 2 potions of curing {@q1}
 A - a potion of brilliance {unknown}
 D - a potion of lignification {unknown}
 I - a potion of heal wounds {@q2}
 K - 2 potions of haste {unknown}
 O - a potion of might {unknown}

Dungeon Overview and Level Annotations

Branches:
Dungeon (11/15)            Temple (1/1) D:4            Lair (0/6) D:11
    Orc (0/2) D:10

Altars:
Ashenzari
Cheibriados
Dithmenos
Elyvilon
Fedhas
Gozag
Hepliaklqana
Kikubaaqudgha
Makhleb
Nemelex Xobeh
Okawaru
Qazlal
Ru
Sif Muna
Trog
Uskayaw
Vehumet
Wu Jian
Xom
Yredelemnul
Zin
The Shining One

Shops:
D:2 (   D:5 !   D:6 *   D:9 ( D:10

( ≈≈≈≈≈≈....#
≈.≈..≈.≈≈≈≈..... ≈
......≈≈≈≈.≈....
#............>..≈≈≈≈.....
#..≈≈≈≈≈≈≈≈≈...≈≈≈.≈≈≈...
#.....≈≈≈≈...≈..≈≈≈......
...≈≈≈≈≈≈≈≈≈≈.≈≈≈≈.≈≈....
....≈≈≈≈≈≈≈≈≈≈≈≈SS≈......
#....≈≈≈..≈≈≈≈≈S@.≈....#
#............≈$≈..≈≈≈..#
#.......................#
.#########'#####.######.#
'####........# #.# .#
...##........# #.#######.###
...##........###...........#
....#........#..............
....)........'.#####.......#


You could see 3 electric eels.


Message History

The bolt of electricity misses you.
You miss the electric eel.
The electric eel shoots out a bolt of lightning at you!
The bolt of electricity hits you! 😕 HP[-5] MP[-3]
You take 5 damage, and now have 47/56 hp.
You lost 3 mp, and now have 19/24 mp.
You hit the electric eel but do no damage.
The electric eel is poisoned.
The electric eel shoots out a bolt of lightning at you!
The bolt of electricity hits you! 😮 HP[-5] MP[-2]
You take 5 damage, and now have 42/56 hp.
You lost 2 mp, and now have 17/24 mp.
You barely miss the electric eel. You miss the electric eel.
The electric eel shoots out a bolt of lightning at you!
The bolt of electricity misses you.
You barely miss the electric eel.
The electric eel shoots out a bolt of lightning at you!
The bolt of electricity misses you.
You barely miss the electric eel.
The electric eel shoots out a bolt of lightning at you!
The bolt of electricity misses you.
The electric eel shoots out a bolt of lightning at you!
The bolt of electricity hits you but does no damage. 😮 MP[+1]
You closely miss the electric eel.
The electric eel shoots out a bolt of lightning at you!
The bolt of electricity hits you! 😮 HP[-5] MP[-3]
You take 5 damage, and now have 37/56 hp.
You lost 3 mp, and now have 15/24 mp.
You miss the electric eel. You hit the electric eel.
The electric eel looks even sicker. 😮 HP[+1]
You hit the electric eel.
The electric eel shoots out a bolt of lightning at you!
The bolt of electricity misses you.
You hit the electric eel.
The electric eel shoots out a bolt of lightning at you!
The bolt of electricity hits you. 😮 HP[-2] MP[-1]
You take 2 damage, and now have 36/56 hp.
You lost 1 mp, and now have 14/24 mp.
You hit the electric eel.
The electric eel is poisoned.
The electric eel shoots out a bolt of lightning at you!
The bolt of electricity hits you!
* * * LOW HITPOINT WARNING * * *
😨 HP[-13] MP[-4]
You take 13 damage, and now have 23/56 hp.
MASSIVE DAMAGE!! (PAUSE)
You lost 4 mp, and now have 10/24 mp.
Your +2 dagger of venom {short} stops dripping with poison.
You sense an unholy aura.
b - a +0 rapier of draining (weapon)
{short} The electric eel shoots out a bolt of lightning at you!
The bolt of electricity hits you!
* * * LOW HITPOINT WARNING * * *
😨 HP[-5] MP[-3]
You take 5 damage, and now have 18/56 hp.
You lost 3 mp, and now have 7/24 mp.
You miss the electric eel.
The electric eel shoots out a bolt of lightning at you!
The bolt of electricity misses you.
The electric eel shoots out a bolt of lightning at you!
The bolt of electricity misses you.
You closely miss the electric eel.
The electric eel shoots out a bolt of lightning at you!
The bolt of electricity hits you.
* * * LOW HITPOINT WARNING * * *
The electric eel shoots out a bolt of lightning at you!
The bolt of electricity misses you.
The electric eel shoots out a bolt of lightning at you!
The bolt of electricity hits you.
* * * LOW HITPOINT WARNING * * *
😱 HP[-7] MP[-3]
You take 7 damage, and now have 11/56 hp.
You lost 3 mp, and now have 4/24 mp.
As you read the scroll of teleportation {@r4}, it crumbles to dust.
You feel strangely unstable.
The electric eel shoots out a bolt of lightning at you!
The bolt of electricity hits you. 😱 MP[-1]
You lost 1 mp, and now have 3/24 mp.
You closely miss the electric eel.
The electric eel shoots out a bolt of lightning at you!
The bolt of electricity misses you.
The electric eel shoots out a bolt of lightning at you!
The bolt of electricity hits you!
* * * LOW HITPOINT WARNING * * *
😱 HP[-5] MP[-2]
You take 5 damage, and now have 6/56 hp.
You lost 2 mp, and now have 1/24 mp.
You hit the electric eel.
The electric eel shoots out a bolt of lightning at you!
The bolt of electricity misses you.
The electric eel shoots out a bolt of lightning at you!
The bolt of electricity hits you!
You die...

Skill      XL: |  1  2  3  4  5  6  7  8  9 10 11 |
---------------+----------------------------------+-----
Stealth        | 6 7 8 9 10 | 10.0
Translocations | 1 2 3 4 6 7 9 10 | 10.1
Dodging        | 2 3 4 5 7 8 9 |  9.4
Spellcasting   | 1 2 3 5 6 7 8 |  8.5
Fighting       | 2 3 4 5 6 |  6.2
Short Blades   | 3 4 5 6 7 8 |  8.2
Throwing       | 3 4 5 6 7 |  7.5
Slings         | 1 4 5 |  5.6

Action                   |  1- 3 |  4- 6 |  7- 9 | 10-12 || total
-------------------------+-------+-------+-------+-------++-------
Melee: Dagger            |   106 |       |   233 |   314 ||   653
       Rapier            |    77 |    64 |   238 |   299 ||   678
       Punch             |     2 |     1 |    13 |    13 ||    29
Throw: Dart              |     4 |    26 |    36 |    23 ||    89
       Boomerang         |       |       |   129 |    60 ||   189
       Throwing net      |       |       |       |     1 ||     1
Invok: Heroism           |       |       |       |     2 ||     2
Evoke: Wand              |       |       |       |     5 ||     5
  Use: Scroll            |       |     5 |     4 |     8 ||    17
 Stab: Sleeping          |    14 |     4 |    16 |    10 ||    44
       Distracted        |       |       |     2 |     1 ||     3
Armor: Robe              |    19 |    14 |    99 |       ||   132
       Steam dragon scal |       |       |    48 |   115 ||   163
Dodge: Dodged            |   151 |    75 |   426 |   542 ||  1194

Levels and vault maps discovered:
D:1:      dpeg_arrival_fog, layout_basic,
          shapermc_ecumenical_altar_starsandcircs
D:2:      layout_basic, serial_shops, nicolae_shop_bloodbath_and_beyond
D:3:      minmay_bubble_buster, layout_loops_cross, kennysheep_cross_room,
          minivault_11, minmay_misc_feat_cross
D:4:      layout_loops_cross, minmay_temple_entry_grid
D:5:      layout_basic, slow_altar_1, kiku_gazebo_pond_becter, serial_shops,
          nicolae_shop_behind_doors
D:6:      layout_basic, nicolae_alphabet_shops
D:7:      layout_basic, ashenzari_conservatory_becter, kennysheep_diamond
D:8:      layout_loops_ring, nicolae_wu_jian_glorious_leap, uniq_grum
D:9:      layout_roguey, doesnt_shop_hydraphobe
D:10:     layout_basic, lemuel_coloured_pillars_altar, trog_ov_bears_minmay,
          david_orc_3, serial_shops, nicolae_shop_statue_plus
D:11:     layout_roguey, erik_lair_island, lemuel_zombie_altar_yredelemnul,
          uniq_sonja
Temple:   eino_temple_scatter_basement

Notes
Turn   | Place    | Note
-------+----------+-------------------------------------------
     0 | D:1      | AmazingTV the Spriggan Brigand began the quest for the Orb.
     0 | D:1      | Reached XP level 1. HP: 10/10 MP: 2/2
     0 | D:1      | magus.rc [v1.9.6]
   287 | D:1      | Found a faded altar of an unknown god.
   379 | D:1      | Reached XP level 2. HP: 15/15 MP: 3/3
   431 | D:1      | Reached skill level 6 in Stealth
  1402 | D:2      | Found Acao's Weapon Emporium.
  1466 | D:2      | Reached skill level 1 in Translocations
  1521 | D:2      | Reached skill level 2 in Dodging
  1628 | D:3      | Reached XP level 3. HP: 18/18 MP: 5/5
  1825 | D:3      | Noticed a centaur
  2205 | D:3      | Reached skill level 1 in Spellcasting
  2817 | D:3      | Reached skill level 2 in Fighting
  2993 | D:3      | Reached XP level 4. HP: 17/23 MP: 6/6
  3053 | D:3      | Identified the +2 leather armour of the Gloaming {rF+}
  3542 | D:3      | Killed a centaur
  3543 | D:3      | Reached skill level 3 in Short Blades
  3543 | D:3      | Reached skill level 2 in Translocations
  3543 | D:3      | Reached XP level 5. HP: 9/26 MP: 6/8
  3836 | D:4      | Found a staircase to the Ecumenical Temple.
  3847 | Temple   | Entered the Ecumenical Temple
  4047 | Temple   | Became a worshipper of Warmaster Okawaru
  4096 | D:4      | Noticed a black bear
  4138 | D:4      | Noticed a black bear
  4162 | D:4      | Reached skill level 3 in Dodging
  4192 | D:4      | Killed a black bear
  4193 | D:4      | Reached skill level 2 in Spellcasting
  4255 | D:4      | Killed a black bear
  4255 | D:4      | Reached * piety under Okawaru
  4256 | D:4      | Reached skill level 3 in Throwing
  4256 | D:4      | Reached skill level 7 in Stealth
  4256 | D:4      | Reached skill level 3 in Translocations
  4256 | D:4      | Reached XP level 6. HP: 29/32 MP: 10/10
  4318 | D:4      | You pick up a book of Blood and begin reading...
  4318 | D:4      | You add the spells Sublimation of Blood and Wereblood to
                  | your library.
  4780 | D:4      | Reached skill level 3 in Spellcasting
  4780 | D:4      | Reached XP level 7. HP: 35/35 MP: 12/12
  4914 | D:5      | Entered Level 5 of the Dungeon
  5024 | D:5      | Reached skill level 4 in Dodging
  5111 | D:5      | Found a snail-covered altar of Cheibriados.
  5444 | D:5      | Reached skill level 4 in Short Blades
  5578 | D:5      | Reached skill level 4 in Translocations
  5603 | D:5      | Reached skill level 3 in Fighting
  5792 | D:5      | Reached ** piety under Okawaru
  5838 | D:5      | Reached skill level 8 in Stealth
  5838 | D:5      | Reached XP level 8. HP: 39/40 MP: 14/14
  5859 | D:5      | Reached skill level 4 in Throwing
  5924 | D:5      | Reached skill level 4 in Spellcasting
  6122 | D:6      | Found Dyetuyha's Desiderata Depot.
  6411 | D:6      | Reached skill level 5 in Translocations
  6537 | D:6      | Reached skill level 5 in Dodging
  6656 | D:6      | Reached *** piety under Okawaru
  6657 | D:6      | Reached skill level 5 in Short Blades
  6964 | D:6      | You pick up a book of Necromancy and begin reading...
  6964 | D:6      | You add the spells Pain and Vampiric Draining to your
                  | library.
  7263 | D:6      | You pick up a book of the Spheres and begin reading...
  7263 | D:6      | You add the spells Iskenderun's Battlesphere, Fireball,
                  | Conjure Ball Lightning and Orb of Destruction to your
                  | library.
  7285 | D:6      | Reached skill level 9 in Stealth
  7401 | D:6      | Reached skill level 5 in Spellcasting
  7644 | D:6      | You pick up a book of the Earth and begin reading...
  7644 | D:6      | You add the spells Leda's Liquefaction, Lee's Rapid
                  | Deconstruction and Statue Form to your library.
  7707 | D:6      | Reached skill level 6 in Translocations
  7707 | D:6      | Reached XP level 9. HP: 45/45 MP: 17/17
  8187 | D:5      | Found an ancient bone altar of Kikubaaqudgha.
  8285 | D:5      | Found Tav Koho's Distillery.
  8288 | D:5      | Bought a potion of curing for 42 gold pieces
  8288 | D:5      | Bought a potion of heal wounds for 70 gold pieces
  8328 | D:5      | Reached skill level 4 in Fighting
  8449 | D:7      | Reached skill level 6 in Dodging
  8541 | D:7      | Reached skill level 5 in Throwing
  8819 | D:7      | Found a broken altar of Ashenzari.
  9117 | D:7      | Reached **** piety under Okawaru
  9901 | D:8      | Noticed Grum
 10128 | D:8      | Reached skill level 6 in Short Blades
 10128 | D:8      | Reached skill level 7 in Translocations
 10393 | D:8      | Reached skill level 6 in Spellcasting
 10568 | D:8      | Reached skill level 10 in Stealth
 10811 | D:8      | Killed Grum
 10811 | D:8      | Received a gift from Okawaru
 10812 | D:8      | Reached skill level 1 in Slings
 10812 | D:8      | Reached skill level 7 in Dodging
 11069 | D:8      | Found an ornate altar of the Wu Jian Council.
 11304 | D:8      | Reached XP level 10. HP: 49/51 MP: 20/20
 11485 | D:8      | Noticed a cyclops
 11498 | D:8      | Killed a cyclops
 11498 | D:8      | Received a gift from Okawaru
 11499 | D:8      | Reached skill level 5 in Fighting
 11499 | D:8      | Reached skill level 2 in Slings
 11591 | D:8      | Reached skill level 8 in Translocations
 11763 | D:9      | Noticed a two-headed ogre
 11820 | D:9      | Killed a two-headed ogre
 11820 | D:9      | Reached ***** piety under Okawaru
 11821 | D:9      | Reached skill level 7 in Short Blades
 11821 | D:9      | Reached skill level 3 in Slings
 11821 | D:9      | Reached skill level 7 in Spellcasting
 11916 | D:9      | Noticed an eight-headed hydra
 11917 | D:9      | Found Vinwer's Hydra Hut.
 11968 | D:9      | Reached skill level 8 in Dodging
 12386 | D:9      | Reached skill level 4 in Slings
 12530 | D:9      | Reached skill level 9 in Translocations
 12736 | D:9      | Got the Papyrus of the Volcanoes and Summoning
 12805 | D:9      | Reached skill level 6 in Throwing
 13093 | D:10     | Entered Level 10 of the Dungeon
 13175 | D:10     | Found Purupum's Weapon Shop.
 13189 | D:10     | Found a staircase to the Orcish Mines.
 13214 | D:10     | Noticed a gargoyle
 13362 | D:10     | Received a gift from Okawaru
 13421 | D:10     | Found a bloodstained altar of Trog.
 13741 | D:10     | You pick up a book of Unlife and begin reading...
 13777 | D:10     | Reached XP level 11. HP: 53/56 MP: 23/23
 13797 | D:10     | Bought a +0 battleaxe for 71 gold pieces
 13803 | D:10     | Bought a +0 rapier of draining for 101 gold pieces
 13945 | D:10     | Noticed a two-headed ogre
 13975 | D:10     | Killed a two-headed ogre
 13975 | D:10     | Received a gift from Okawaru
 14285 | D:10     | Found a shimmering altar of Xom.
 14429 | D:10     | HP: 10/56 [gargoyle (10)]
 14431 | D:10     | Reached skill level 8 in Spellcasting
 14819 | D:10     | Noticed a two-headed ogre
 14826 | D:10     | Killed a two-headed ogre
 14827 | D:10     | Reached skill level 5 in Slings
 14827 | D:10     | Reached skill level 9 in Dodging
 14966 | D:11     | Noticed a two-headed ogre
 14971 | D:11     | Killed a two-headed ogre
 14971 | D:11     | Identified the +0 robe of AmazingTV's Tenacity {rPois
                  | Regen+ Str+4 Stlth-} (Okawaru gifted it to you on level 11
                  | of the Dungeon)
 14971 | D:11     | Received a gift from Okawaru
 14972 | D:11     | Reached skill level 6 in Fighting
 14972 | D:11     | Reached skill level 7 in Throwing
 15327 | D:11     | Reached skill level 8 in Short Blades
 15409 | D:11     | HP: 14/56 [vampire mosquito (2)]
 15435 | D:11     | HP: 10/56 [hound (2)]
 15763 | D:11     | Reached skill level 10 in Translocations
 15959 | D:11     | Identified the +1 scale mail "Hugiud" {rPois rF+ Slay+3}
 16346 | D:11     | Found a staircase to the Lair.
 16377 | D:11     | HP: 14/56 [electric eel/bolt of electricity (4)]
 16379 | D:11     | HP: 6/56 [electric eel/bolt of electricity (6)]
 16380 | D:11     | Killed from afar by an electric eel

Vanquished Creatures
  4 two-headed ogres
  A cyclops (D:8)
  A gargoyle (D:10)
  2 kobold demonologists (D:11)
  A troll (D:11)
  2 polar bears (D:10)
  A hornet (D:9)
  2 wraiths
  A wyvern (D:9)
  11 yaks
  Grum (D:8)
  4 vampire mosquitoes (D:11)
  2 steam dragons
  3 water moccasins
  A sky beast (D:8)
  An orc warrior (D:10)
  A necrophage (D:5)
  2 ice beasts (D:6)
  2 ogres (D:6)
  2 black bears (D:4)
  3 wolves
  2 centaurs
  A phantom (D:4)
  5 bullfrogs
  A gnoll sergeant (D:8)
  A water moccasin skeleton (D:5)
  13 killer bees
  5 howler monkeys
  2 bullfrog zombies (D:7)
  4 centaur zombies
  9 hounds
  A jelly (D:8)
  A centaur skeleton (D:5)
  6 orc priests
  2 bullfrog skeletons (D:5)
  A gnoll shaman (D:7)
  An iron imp (D:5)
  8 orc wizards
  2 killer bee zombies
  A hound skeleton (D:4)
  A howler monkey skeleton (D:7)
  9 adders
  11 gnolls
  2 shadow imps
  A white imp (D:6)
  2 ufetubi
  2 worms
  2 dart slugs
  39 orcs
  5 bats
  3 endoplasms
  3 giant cockroaches
  5 goblins
  4 hobgoblins (D:3)
  8 kobolds
  2 quokkas (D:2)
  7 ball pythons
  2 frilled lizards (D:3)
  4 rats
226 creatures vanquished.

Vanquished Creatures (others)
  A gnoll (D:8)
  A plant (D:9)
2 creatures vanquished.

Grand Total: 228 creatures vanquished

Table legend:
 A = Non-vault XP
 B = Vault XP
 C = Vault XP percentage of total XP
 D = Non-vault monster count
 E = Vault monster count
 F = Vault count percentage of total count
                 A         B        C        D         E       F
            +---------+---------+-------+---------+---------+-------
      Total |   15268 |    1852 |  10.8 |     195 |      32 |  14.1
            +---------+---------+-------+---------+---------+-------
        D:1 |      17 |       0 |   0.0 |       8 |       0 |   0.0
        D:2 |      17 |       0 |   0.0 |      10 |       0 |   0.0
        D:3 |     179 |      18 |   9.1 |      20 |      11 |  35.5
        D:4 |     551 |       0 |   0.0 |      12 |       0 |   0.0
        D:5 |     887 |      40 |   4.3 |      27 |       1 |   3.6
        D:6 |    1331 |       0 |   0.0 |      26 |       0 |   0.0
        D:7 |     834 |     156 |  15.8 |      23 |       2 |   8.0
        D:8 |    2432 |     433 |  15.1 |      18 |       3 |  14.3
        D:9 |    3156 |       0 |   0.0 |      23 |       0 |   0.0
       D:10 |    3300 |     647 |  16.4 |      17 |      10 |  37.0
       D:11 |    2564 |     558 |  17.9 |      11 |       5 |  31.2
            +---------+---------+-------+---------+---------+-------

Illustrated notes

Table legend:
 A = Kills in this place as a percentage of kills in entire the game.
 B = Kills by you in this place as a percentage of kills by you in the entire game.
 C = Kills by friends in this place as a percentage of kills by friends in the entire game.
 D = Other kills in this place as a percentage of other kills in the entire game.
 E = Experience gained in this place as a percentage of experience gained in the entire game.
 F = Experience gained in this place divided by the number of levels of this place that you have seen.
                   A       B       C       D       E      F
               +-------+-------+-------+-------+-------+----------------------
         Total | 100.0 | 100.0 |   N/A | 100.0 | 100.0 | 1426.7
       Dungeon | 100.0 | 100.0 |   N/A | 100.0 | 100.0 | 1556.4
               +-------+-------+-------+-------+-------+----------------------

Table legend: (Time is in decaauts)
 A = Elapsed time spent in this place.
 B = Non-inter-level travel time spent in this place.
 C = Inter-level travel time spent in this place.
 D = Time resting spent in this place.
 E = Time spent auto-exploring this place.
 F = Levels seen in this place.
 G = Mean time per level.
                   A        B        C        D        E       F      G
               +--------+--------+--------+--------+--------+-----+--------+
         Total |  12598 |  11982 |    616 |   4560 |   4340 |  12 | 1049.8 |
       Dungeon |  12465 |  11879 |    586 |   4560 |   4248 |  11 | 1133.2 |
        Temple |    133 |    103 |     30 |      0 |     92 |   1 |  133.0 |
               +--------+--------+--------+--------+--------+-----+--------+

Top non-repeatable levels by time:
    D:10: 1625 daAuts
     D:3: 1498 daAuts
     D:7: 1418 daAuts
     D:6: 1301 daAuts
     D:5: 1267 daAuts
     D:9: 1191 daAuts
     D:8: 1100 daAuts
     D:1: 798 daAuts
     D:4: 790 daAuts
    D:11: 775 daAuts
     D:2: 699 daAuts
  Temple: 133 daAuts
